 Dungeon Crawl Stone Soup version 0.30-a0-149-g7f746667c4 (webtiles) character file.

Game seed: 8580547037650901252

112 purpskrrrp the Ruffian (level 4, -18/44 HPs)
             Began as a Troll Fighter on Sept 26, 2022.
             Was a Believer of Trog.
             Demolished by an ogre
             ... wielding a +0 giant spiked club
              (33 damage)
             ... on level 3 of the Dungeon.
             The game lasted 00:02:44 (2195 turns).

purpskrrrp the Ruffian (Troll Fighter)              Turns: 2195, Time: 00:02:44

Health: -18/44     AC:  4    Str: 26    XL:     4   Next: 63%
Magic:  3/3        EV:  8    Int:  4    God:    Trog [**....]
Gold:   175        SH:  8    Dex:  9    Spells: 3/3 levels left

rFire   . . .      SeeInvis .      - Unarmed
rCold   . . .      Faith    .    b - +1 kite shield
rNeg    . . .      Spirit   .    a - +0 robe
rPois   .          Reflect  .    (helmet restricted)
rElec   .          Harm     .    (no cloak)
rCorr   .          Rampage  .    (gloves unavailable)
Will    .....                    (boots unavailable)
Stlth   +.........               (no amulet)
HPRegen 0.94/turn                (no ring)
MPRegen 0.08/turn                (no ring)

@: no status effects
A: large, unfitting armour, claws 3, regeneration 1, shaggy fur 1, tough skin 1
a: Renounce Religion, Berserk, Trog's Hand


You were on level 3 of the Dungeon.
You worshipped Trog.
Trog was pleased with you.
You visited 1 branch of the dungeon, and saw 3 of its levels.

You collected 175 gold pieces.

Inventory:

Hand Weapons
 i - a +3 spectral quarterstaff
Missiles
 j - 6 large rocks (quivered)
 n - a throwing net
Armour
 a - a +0 robe (worn)
 b - a +1 kite shield (worn)
Wands
 d - a wand of paralysis (7)
Scrolls
 f - 2 scrolls of identify {unknown}
 g - 3 scrolls of fear {unknown}
 k - a scroll of enchant weapon
 l - a scroll of vulnerability {unknown}
 p - a scroll of noise {unknown}
Potions
 c - 3 potions of might
 e - 3 potions of curing {unknown}
 h - 2 potions of berserk rage {unknown}
 m - a potion of lignification {unknown}
 o - a potion of attraction {unknown}


   Skills:
 - Level 2.4 Fighting
 - Level 2.4 Dodging
 - Level 2.6 Shields
 + Level 4.9 Unarmed Combat


You had 3 spell levels left.
You didn't know any spells.
Your spell library was empty.

Dungeon Overview and Level Annotations

Branches:
Dungeon (3/15)

Altars:
Ashenzari
Qazlal
Trog


Innate Abilities, Weirdness & Mutations

You are too large for most types of armour.
You have claws for hands.
Your natural rate of healing is unusually fast.
You are covered in fur. (AC +1)
You have tough skin. (AC +1)


Message History

There is a stormy altar of Qazlal here.
You see here 3 stones.
j - 6 large rocks (gained 1)
There is a shaft here.
There is a shaft here.
There is a shaft here.
There is an open door here.
You open the door.
There is an open door here.
Key pressed, stopping explore.
You open the door.
There is an open door here.
You open the door.
An ogre comes into view. It is wielding a +0 giant spiked club.
The ogre shouts!
An ogre is nearby!
An ogre is nearby!
An ogre is nearby!
There is an open door here.
You claw the ogre!
The ogre is severely wounded.
The ogre closely misses you.
You closely miss the ogre.
The ogre is severely wounded.
The ogre closely misses you.
You scratch the ogre.
The ogre is almost dead.
You completely miss the ogre.
The ogre is almost dead.
The ogre hits you with a +0 giant spiked club!!
Ouch! That really hurt!
You are too injured to fight recklessly!
You are too injured to fight recklessly!
You are too injured to fight recklessly!
You are too injured to fight recklessly!
You scratch the ogre but do no damage.
The ogre is almost dead.
The ogre hits you with a +0 giant spiked club!!
Ouch! That really hurt!
You die...

'#+#########.#######.##.#.##.....
........†...............#........
.#.#########.#######.#..#..###...
..........##.# #........#..# #.#.
##.####.#.##.# #.###.#.....# #.#.
#.# #.#.##.# #.# #.#####.# #.#.
#.# #.#.##.# #.# #.# #+###.#.
##.####.#.##.# #.# #.# ......#.
........#.##.# #@###+##..........
##.####.#.##.##.O.....#........#.
...# #.#.##.##.......#........#.
.#.####.#.##.##.......#........#.
.≈^.(##.#.##.###.###'##........#.
..^^.......#.# #.# #.##........#.
..≈.^^.......# #.# #.##........#.
(≈#.#.###.#### #.# #.............
..^≈..#.....# #..###..###.#.


You could see an ogre.

Vanquished Creatures
  An orc priest (D:3)
  3 adders (D:3)
  2 dart slugs
  3 orcs (D:3)
  2 bats (D:1)
  3 endoplasms
  2 giant cockroaches
  14 goblins
  4 hobgoblins
  A quokka (D:1)
  A ball python (D:2)
  2 frilled lizards (D:1)
  5 kobolds
  5 rats
48 creatures vanquished.

Vanquished Creatures (others)
  A plant (D:3)
1 creature vanquished.

Grand Total: 49 creatures vanquished

Notes
Turn   | Place    | Note
-------+----------+-------------------------------------------
     0 | D:1      | purpskrrrp the Troll Fighter began the quest for the Orb.
     0 | D:1      | Reached XP level 1. HP: 22/22 MP: 0/0
   149 | D:1      | Found a faded altar of an unknown god.
   167 | D:1      | Prayed at the altar of an unknown god.
   167 | D:1      | Became a worshipper of Trog the Wrathful
   167 | D:1      | Reached * piety under Trog
   333 | D:1      | Reached XP level 2. HP: 29/29 MP: 1/1
   472 | D:1      | Reached skill level 3 in Unarmed Combat
  1511 | D:3      | Reached XP level 3. HP: 36/36 MP: 2/2
  1603 | D:3      | Reached skill level 4 in Unarmed Combat
  1610 | D:3      | Found a broken altar of Ashenzari.
  1719 | D:3      | Found a bloodstained altar of Trog.
  1801 | D:3      | Reached XP level 4. HP: 44/44 MP: 3/3
  1807 | D:3      | Reached ** piety under Trog
  1933 | D:3      | Found a stormy altar of Qazlal.
  2189 | D:3      | Noticed an ogre
  2195 | D:3      | Demolished by an ogre

Illustrated notes

Levels and vault maps discovered:
D:1:      dpeg_arrival_boxes_within_box, layout_basic,
          hellmonk_ecumenical_altar_heavens_door, serial_bayou_ford_a,
          reono_crystal_passage, kennysheep_nondescript
D:2:      layout_rooms
D:3:      layout_basic, trog_hazing_becter, grunt_qazlal_sundering,
          mainiacjoe_overflow_boulevard, nrook_campfire, minmay_goblin_outpost

Skill      XL: |  1  2  3 |
---------------+----------+-----
Unarmed Combat | 3 4 |  4.9
Fighting       | |  2.4
Dodging        | |  2.4
Shields        | |  2.6

Action                   |  1- 3 |  4- 6 || total
-------------------------+-------+-------++-------
Melee: Unarmed           |   100 |    27 ||   127
  Use: Scroll            |     4 |       ||     4
 Stab: Sleeping          |     1 |       ||     1
Armor: Robe              |    36 |    10 ||    46
Dodge: Dodged            |    24 |    15 ||    39
Block: Kite shield       |    28 |     3 ||    31

Table legend: (Time is in decaauts)
 A = Elapsed time spent in this place.
 B = Non-inter-level travel time spent in this place.
 C = Inter-level travel time spent in this place.
 D = Time resting spent in this place.
 E = Time spent auto-exploring this place.
 F = Levels seen in this place.
 G = Mean time per level.
                   A        B        C        D        E       F      G
               +--------+--------+--------+--------+--------+-----+--------+
         Total |   2210 |   2062 |    148 |    100 |   1654 |   3 |  736.7 |
       Dungeon |   2210 |   2062 |    148 |    100 |   1654 |   3 |  736.7 |
               +--------+--------+--------+--------+--------+-----+--------+

Top non-repeatable levels by time:
     D:1: 1080 daAuts
     D:3: 694 daAuts
     D:2: 435 daAuts
